[Event "41st Jacques-Lemans-Open 2022"]
[Site "St. Veit/Glan"]
[Date "2022.07.16"]
[Round "9.4"]
[White "Vojinov, Danijel"]
[Black "Koelber, Daniel"]
[Result "1/2-1/2"]
[ECO "A00"]
[WhiteElo "2201"]
[BlackElo "2176"]
[Annotator "ChessBase"]
[PlyCount "234"]
[EventDate "2022.07.09"]
[EventType "swiss"]
[EventCountry "AUT"]
[SourceTitle "playchess.com"]
[Source "ChessBase"]
[SourceQuality "1"]
[TimeControl "40/5400+30:1800+30"]

1. b4 e5 2. a3 d5 3. Bb2 Bd6 4. Nf3 Qe7 5. e3 Nf6 6. c4 dxc4 7. Bxc4 O-O 8. h3 Nbd7 9. d4 e4 10. Nfd2 Nb6 11. Nc3 a6 12. Qe2 c6 13. Bb3 h6 14. Nc4 Nxc4 15. Bxc4 b5 16. Bb3 Be6 17. Qc2 Rfc8 18. O-O a5 19. Bxe6 Qxe6 20. Na2 axb4 21. Nxb4 Bxb4 22. axb4 Nd5 23. Bc3 Nb6 24. Ra5 Nc4 25. Rxa8 Rxa8 26. Ra1 Rxa1+ 27. Bxa1 Qd5 28. Bc3 Kh7 29. Be1 f5 30. g3 Kg6 31. Qe2 Nd6 32. Qc2 Kf6 33. Qb2 Nf7 34. h4 g5 35. Qe2 Kg6 36. Qd1 Ne5 37. h5+ Kg7 38. Qa1 Nf3+ 39. Kg2 g4 40. Bc3 Ng5 41. Qa7+ Nf7 42. Ba1 Kf6 43. Qa8 Kg5 44. Qg8+ Kxh5 45. Bc3 Nd8 46. Qg7 Ne6 47. Qf6 Nc7 48. Qg7 Ne8 49. Qe7 Nd6 50. Qf6 Nf7 51. Kh2 Ng5 52. Kg2 Qe6 53. Qg7 Qf7 54. Qh8 Qd5 55. Qe8+ Nf7 56. Qg8 Nd6 57. Qg7 Nc4 58. Qf6 Nb6 59. Kh2 Qd7 60. Qf8 Nd5 61. Bd2 Kg5 62. Qg8+ Kf6 63. Qf8+ Kg6 64. Qg8+ Kf6 65. Qf8+ Ke6 66. Qxh6+ Ke7 67. Qg5+ Kd6 68. Kg2 Kc7 69. Qg6 Kb6 70. Be1 Nc7 71. Qg8 Kb7 72. Qf8 Qd5 73. Qf6 Qd7 74. Qf8 Qe6 75. Qg7 Kb6 76. Qf8 Kb7 77. Qg7 Qd5 78. Qf8 Ne6 79. Qe7+ Kc8 80. Qe8+ Kc7 81. Qe7+ Kc8 82. Qe8+ Nd8 83. Qe7 Qd7 84. Qf6 Qd5 85. Qe7 Nb7 86. Qg7 Nd6 87. Qf8+ Kd7 88. Qg7+ Ke8 89. Qc7 Nf7 90. Qc8+ Ke7 91. Qg8 Kf6 92. Qe8 Qe6 93. Qf8 Qd6 94. Qe8 Qd5 95. Qf8 Ke6 96. Qe8+ Kd6 97. Qf8+ Kd7 98. Qb8 Nd6 99. Qa7+ Ke6 100. Qc7 Ne8 101. Qc8+ Ke7 102. Qb7+ Qd7 103. Qb8 Nc7 104. Qg8 Qe6 105. Qg7+ Qf7 106. Qe5+ Kd7 107. Qc5 Nd5 108. Qa7+ Ke6 109. Qb8 Qc7 110. Qf8 Ne7 111. Qh6+ Kd5 112. Qh8 Qd6 113. Qa8 Ke6 114. Qe8 Kf6 115. Qf8+ Ke6 116. Qe8 Kf6 117. Qf8+ Ke6 1/2-1/2

[Event "41st Jacques-Lemans-Open 2022"]
[Site "St. Veit/Glan"]
[Date "2022.07.16"]
[Round "9.5"]
[White "Rogic, Davor"]
[Black "Ofner, Maximilian"]
[Result "1/2-1/2"]
[ECO "B19"]
[WhiteElo "2474"]
[BlackElo "2194"]
[Annotator "ChessBase"]
[PlyCount "114"]
[EventDate "2022.07.09"]
[EventType "swiss"]
[EventCountry "AUT"]
[SourceTitle "playchess.com"]
[Source "ChessBase"]
[SourceQuality "1"]
[TimeControl "40/5400+30:1800+30"]

1. e4 c6 2. d4 d5 3. Nd2 dxe4 4. Nxe4 Bf5 5. Ng3 Bg6 6. Nf3 Nd7 7. h4 h6 8. h5 Bh7 9. Bd3 Bxd3 10. Qxd3 e6 11. Bd2 Ngf6 12. O-O-O Be7 13. Kb1 O-O 14. Ne4 Nxe4 15. Qxe4 Nf6 16. Qe2 Qd5 17. Be3 Bd6 18. Rh4 b5 19. g4 Ne4 20. Ne1 b4 21. Nd3 Rfb8 22. Ka1 Rb5 23. Rhh1 a5 24. Nc5 a4 25. Nxe4 Qxe4 26. f3 Qd5 27. f4 Qe4 28. Rhf1 b3 29. Qd3 Qxd3 30. Rxd3 bxa2 31. Kxa2 Rab8 32. Bc1 c5 33. dxc5 Bxc5 34. Rfd1 Be7 35. Rd7 Bf6 36. R1d3 Rxb2+ 37. Bxb2 Rxb2+ 38. Ka3 Rxc2 39. Rg3 e5 40. fxe5 Bxe5 41. Re3 Rc3+ 42. Rxc3 Bxc3 43. Rd8+ Kh7 44. Rf8 f6 45. Kxa4 Be5 46. Kb5 Bd6 47. Rd8 Bg3 48. Re8 f5 49. gxf5 Bh4 50. Rf8 Be7 51. Rf7 Bg5 52. Kc6 Kg8 53. Rb7 Bf6 54. Kd5 Kh7 55. Rb3 Ba1 56. Rb6 Bc3 57. Ra6 Bb2 1/2-1/2

[Event "41st Jacques-Lemans-Open 2022"]
[Site "St. Veit/Glan"]
[Date "2022.07.16"]
[Round "9.6"]
[White "Schernthaner, David"]
[Black "Hoffmann, Sebastian"]
[Result "1-0"]
[ECO "D10"]
[WhiteElo "2319"]
[BlackElo "2148"]
[Annotator "ChessBase"]
[PlyCount "55"]
[EventDate "2022.07.09"]
[EventType "swiss"]
[EventCountry "AUT"]
[SourceTitle "playchess.com"]
[Source "ChessBase"]
[SourceQuality "1"]
[TimeControl "40/5400+30:1800+30"]

1. d4 d5 2. c4 c6 3. Nc3 Nf6 4. e3 Bf5 5. cxd5 cxd5 6. Qb3 Nc6 7. Qxb7 Bd7 8. Qb3 Rb8 9. Qd1 e5 10. dxe5 Nxe5 11. Be2 Bd6 12. Nf3 Qc7 13. h3 O-O 14. O-O Nxf3+ 15. Bxf3 Rfd8 16. Ne2 Rb4 17. Nd4 Qc8 18. b3 Rb6 19. Bd2 Re8 20. Rc1 Qb8 21. Bc3 Ne4 22. Bxe4 dxe4 23. f4 exf3 24. Qxf3 Bh2+ 25. Kh1 Rf6 26. Qd5 Qd6 27. Qxd6 Rxf1+ 28. Kxh2 1-0

[Event "41st Jacques-Lemans-Open 2022"]
[Site "St. Veit/Glan"]
[Date "2022.07.16"]
[Round "9.7"]
[White "Lerch, Johannes"]
[Black "Huber, Benedikt"]
[Result "1/2-1/2"]
[ECO "A06"]
[WhiteElo "2222"]
[BlackElo "2289"]
[Annotator "ChessBase"]
[PlyCount "21"]
[EventDate "2022.07.09"]
[EventType "swiss"]
[EventCountry "AUT"]
[SourceTitle "playchess.com"]
[Source "ChessBase"]
[SourceQuality "1"]
[TimeControl "40/5400+30:1800+30"]

1. Nf3 d5 2. c4 e6 3. e3 Nf6 4. Nc3 Be7 5. b3 dxc4 6. Bxc4 a6 7. O-O b5 8. Be2 Bb7 9. d4 O-O 10. Bb2 Nbd7 11. Rc1 1/2-1/2

[Event "41st Jacques-Lemans-Open 2022"]
[Site "St. Veit/Glan"]
[Date "2022.07.16"]
[Round "9.8"]
[White "Sandhoefner, Florian"]
[Black "Navaratnam, Rohan Shan Tze"]
[Result "1/2-1/2"]
[ECO "C07"]
[WhiteElo "2289"]
[BlackElo "2071"]
[Annotator "ChessBase"]
[PlyCount "74"]
[EventDate "2022.07.09"]
[EventType "swiss"]
[EventCountry "AUT"]
[SourceTitle "playchess.com"]
[Source "ChessBase"]
[SourceQuality "1"]
[TimeControl "40/5400+30:1800+30"]

1. e4 e6 2. d4 d5 3. Nd2 c5 4. exd5 Qxd5 5. Ngf3 cxd4 6. Bc4 Qd6 7. O-O Nf6 8. Nb3 Nc6 9. Nbxd4 Nxd4 10. Nxd4 Be7 11. Re1 O-O 12. b3 b6 13. Bb2 Qc7 14. Qe2 Bc5 15. Nb5 Qe7 16. Bd4 a6 17. Bxc5 Qxc5 18. Nc3 Bb7 19. a4 Rfd8 20. Rad1 h5 21. h3 Qg5 22. f3 Rac8 23. Qf2 Qa5 24. Qe3 h4 25. Rxd8+ Rxd8 26. Rd1 Rxd1+ 27. Nxd1 b5 28. axb5 axb5 29. Bf1 Nd5 30. Qf2 Qa1 31. Ne3 Qc1 32. Nxd5 Bxd5 33. Qxh4 Qxc2 34. Qd8+ Kh7 35. Qh4+ Kg8 36. Qd8+ Kh7 37. Qh4+ Kg8 1/2-1/2

[Event "41st Jacques-Lemans-Open 2022"]
[Site "St. Veit/Glan"]
[Date "2022.07.16"]
[Round "9.9"]
[White "Gschiel, Alexander"]
[Black "Caruso, Augusto"]
[Result "1/2-1/2"]
[ECO "D30"]
[WhiteElo "2215"]
[BlackElo "2132"]
[Annotator "ChessBase"]
[PlyCount "36"]
[EventDate "2022.07.09"]
[EventType "swiss"]
[EventCountry "AUT"]
[SourceTitle "playchess.com"]
[Source "ChessBase"]
[SourceQuality "1"]
[TimeControl "40/5400+30:1800+30"]

1. d4 d5 2. c4 e6 3. Nf3 c5 4. cxd5 exd5 5. g3 Nc6 6. Bg2 Nf6 7. O-O c4 8. b3 cxb3 9. Qxb3 Be7 10. Ne5 Nxd4 11. Qa4+ Nc6 12. Nc3 O-O 13. Nxc6 bxc6 14. Qxc6 Be6 15. Nb5 Qa5 16. Qc7 Qxb5 17. Qxe7 Qxe2 18. Be3 Qa6 1/2-1/2

[Event "41st Jacques-Lemans-Open 2022"]
[Site "St. Veit/Glan"]
[Date "2022.07.16"]
[Round "9.10"]
[White "Frank, Emanuel"]
[Black "Novosel, Lovro"]
[Result "0-1"]
[ECO "A58"]
[WhiteElo "2160"]
[BlackElo "2255"]
[Annotator "ChessBase"]
[PlyCount "72"]
[EventDate "2022.07.09"]
[EventType "swiss"]
[EventCountry "AUT"]
[SourceTitle "playchess.com"]
[Source "ChessBase"]
[SourceQuality "1"]
[TimeControl "40/5400+30:1800+30"]

1. d4 Nf6 2. c4 c5 3. d5 b5 4. cxb5 a6 5. bxa6 d6 6. Nc3 g6 7. e4 Bg7 8. Nf3 O-O 9. a7 Rxa7 10. Be2 Ba6 11. O-O Nbd7 12. Re1 Qa5 13. a4 Rb8 14. Ra3 Bxe2 15. Rxe2 Ne8 16. Nb5 Rab7 17. Nd2 Nc7 18. Nc4 Qa6 19. Nxc7 Rxc7 20. b3 Ne5 21. Nxe5 Bxe5 22. Bd2 Rcb7 23. Be1 Rxb3 24. Rxb3 Rxb3 25. Qxb3 Qxe2 26. Qe3 Qa2 27. a5 Qa1 28. g3 c4 29. Kg2 c3 30. a6 c2 31. a7 Bd4 32. Bc3 Bxc3 33. Qb6 c1=Q 34. Qb8+ Kg7 35. a8=Q Qf1+ 36. Kf3 Qd3+ 0-1

[Event "41st Jacques-Lemans-Open 2022"]
[Site "St. Veit/Glan"]
[Date "2022.07.16"]
[Round "9.11"]
[White "Fahrner, Kurt"]
[Black "Schwab, Rene"]
[Result "1/2-1/2"]
[ECO "A00"]
[WhiteElo "2331"]
[BlackElo "2124"]
[Annotator "ChessBase"]
[PlyCount "51"]
[EventDate "2022.07.09"]
[EventType "swiss"]
[EventCountry "AUT"]
[SourceTitle "playchess.com"]
[Source "ChessBase"]
[SourceQuality "1"]
[TimeControl "40/5400+30:1800+30"]

1. g3 c6 2. Bg2 d5 3. d3 g6 4. Nf3 Bg7 5. O-O Bg4 6. Nc3 Nd7 7. e4 dxe4 8. dxe4 Ne5 9. Qe2 Qd6 10. Rd1 Qf6 11. Bf4 Nxf3+ 12. Bxf3 Bxf3 13. Qxf3 e5 14. Qg4 exf4 15. Qd7+ Kf8 16. Qxb7 Re8 17. Rd7 Ne7 18. Rad1 Kg8 19. R7d6 Qe5 20. Qd7 Rf8 21. gxf4 Qxf4 22. Qxe7 Be5 23. R6d3 Qxh2+ 24. Kf1 Qf4 25. Ke2 Bf6 26. Qd6 1/2-1/2

[Event "41st Jacques-Lemans-Open 2022"]
[Site "St. Veit/Glan"]
[Date "2022.07.16"]
[Round "9.12"]
[White "Leitner, Gerald"]
[Black "Kruckenhauser, Arthur"]
[Result "1-0"]
[ECO "B76"]
[WhiteElo "2145"]
[BlackElo "2303"]
[Annotator "ChessBase"]
[PlyCount "83"]
[EventDate "2022.07.09"]
[EventType "swiss"]
[EventCountry "AUT"]
[SourceTitle "playchess.com"]
[Source "ChessBase"]
[SourceQuality "1"]
[TimeControl "40/5400+30:1800+30"]

1. e4 c5 2. Nf3 d6 3. d4 cxd4 4. Nxd4 Nf6 5. Nc3 g6 6. Be3 Bg7 7. f3 O-O 8. Qd2 Nc6 9. O-O-O d5 10. exd5 Nxd5 11. Nxc6 bxc6 12. Bd4 Bxd4 13. Qxd4 Qb6 14. Ne4 Rb8 15. g4 Ne3 16. Rd2 Nxf1 17. Rxf1 Qa6 18. Rd3 Qxa2 19. Ra3 Qd5 20. Rd1 Rd8 21. Qxd5 cxd5 22. Rxa7 Bxg4 23. fxg4 dxe4 24. Rxd8+ Rxd8 25. Rxe7 f5 26. gxf5 gxf5 27. Re5 Rf8 28. Kd2 Kg7 29. Ke3 Kg6 30. Kf4 Rf6 31. c4 Rb6 32. Rb5 Re6 33. Rxf5 e3 34. Rg5+ Kf6 35. Rg1 e2 36. Re1 Rc6 37. Rxe2 Rxc4+ 38. Ke3 h5 39. Kd3 Rg4 40. Kc3 h4 41. b4 Kf5 42. b5 1-0

[Event "41st Jacques-Lemans-Open 2022"]
[Site "St. Veit/Glan"]
[Date "2022.07.16"]
[Round "9.13"]
[White "Riemelmoser, Franz"]
[Black "Wendl, Philipp"]
[Result "1/2-1/2"]
[ECO "A11"]
[WhiteElo "2237"]
[BlackElo "2097"]
[Annotator "ChessBase"]
[PlyCount "117"]
[EventDate "2022.07.09"]
[EventType "swiss"]
[EventCountry "AUT"]
[SourceTitle "playchess.com"]
[Source "ChessBase"]
[SourceQuality "1"]
[TimeControl "40/5400+30:1800+30"]

1. c4 c6 2. Nf3 d5 3. e3 Nf6 4. Nc3 e6 5. b3 Nbd7 6. Qc2 Bd6 7. Bb2 O-O 8. Be2 a6 9. d4 Re8 10. O-O b5 11. c5 Bc7 12. a3 a5 13. b4 e5 14. dxe5 Nxe5 15. Nxe5 Bxe5 16. Rfe1 g6 17. Bd3 Bd7 18. Ne2 Qe7 19. Bd4 Bxd4 20. Nxd4 Ng4 21. Be2 Nxf2 22. Bxb5 Ng4 23. Ba4 axb4 24. axb4 Qe5 25. Nf3 Qh5 26. Qc3 Qh6 27. Ra3 Re4 28. h3 Nxe3 29. Rxe3 Rxa4 30. Rxe4 Rxa3 31. Qxa3 dxe4 32. Ne5 Be8 33. Ng4 Qg7 34. Qa8 Kf8 35. Qd8 f5 36. Nf6 Qe7 37. Qd4 Qg7 38. Qd6+ Qe7 39. Nxe8 Kxe8 40. Qxc6+ Qd7 41. Qf6 Qe7 42. Qd4 e3 43. c6 Kf7 44. Kf1 g5 45. Ke2 f4 46. h4 h6 47. g3 fxg3 48. hxg5 g2 49. Qd5+ Kg7 50. gxh6+ Kxh6 51. Qxg2 Qxb4 52. Qh3+ Kg5 53. Qxe3+ Kf6 54. Kf3 Qc4 55. Qb6 Ke6 56. Qe3+ Kd6 57. Qf4+ Qxf4+ 58. Kxf4 Kxc6 59. Ke4 1/2-1/2

[Event "41st Jacques-Lemans-Open 2022"]
[Site "St. Veit/Glan"]
[Date "2022.07.16"]
[Round "9.14"]
[White "Moeller, Dustin"]
[Black "Raeke, Philipp"]
[Result "1-0"]
[ECO "E92"]
[WhiteElo "2237"]
[BlackElo "1908"]
[Annotator "ChessBase"]
[PlyCount "43"]
[EventDate "2022.07.09"]
[EventType "swiss"]
[EventCountry "AUT"]
[SourceTitle "playchess.com"]
[Source "ChessBase"]
[SourceQuality "1"]
[TimeControl "40/5400+30:1800+30"]

1. c4 Nf6 2. Nc3 g6 3. d4 Bg7 4. e4 d6 5. Be2 O-O 6. Nf3 e5 7. Be3 exd4 8. Nxd4 Re8 9. f3 c6 10. Bf2 d5 11. exd5 cxd5 12. O-O Nc6 13. c5 Re5 14. Qd2 Qf8 15. Ncb5 Bh6 16. Qc3 Nd7 17. Rfe1 Qe7 18. Bf1 f6 19. Nc7 Rb8 20. Nxd5 Qf8 21. Bc4 Kh8 22. b4 1-0

[Event "41st Jacques-Lemans-Open 2022"]
[Site "St. Veit/Glan"]
[Date "2022.07.16"]
[Round "9.15"]
[White "Blasge, Tobias"]
[Black "Manhardt, Thomas"]
[Result "0-1"]
[ECO "A89"]
[WhiteElo "1826"]
[BlackElo "2227"]
[Annotator "ChessBase"]
[PlyCount "142"]
[EventDate "2022.07.09"]
[EventType "swiss"]
[EventCountry "AUT"]
[SourceTitle "playchess.com"]
[Source "ChessBase"]
[SourceQuality "1"]
[TimeControl "40/5400+30:1800+30"]

1. d4 f5 2. Nf3 Nf6 3. g3 g6 4. Bg2 Bg7 5. O-O O-O 6. c4 d6 7. Nc3 Nc6 8. d5 Ne5 9. Nxe5 dxe5 10. Qb3 Kh8 11. Rd1 h6 12. c5 g5 13. a4 a6 14. a5 Rb8 15. Na4 Bd7 16. Qc2 Qe8 17. c6 bxc6 18. dxc6 Bc8 19. Bd2 e4 20. e3 Ng4 21. Bc3 Ne5 22. Rac1 Nf3+ 23. Bxf3 exf3 24. Bxg7+ Kxg7 25. Qc3+ Rf6 26. Qe5 f4 27. exf4 gxf4 28. Nc5 fxg3 29. hxg3 Rb5 30. Rd7 Kf7 31. Qh5+ Kf8 32. Qxe8+ Kxe8 33. Rxc7 Kd8 34. Ra7 Rxc6 35. Rd1+ Ke8 36. Ne4 Bf5 37. Nc3 Rxb2 38. Nd5 Re2 39. Ne3 Be6 40. Ra8+ Kf7 41. Rh8 Bb3 42. Rb1 Ba2 43. Rd1 Kg7 44. Rhd8 Be6 45. Re8 Kf6 46. Rh8 Kg6 47. Re8 Kf7 48. Rh8 Bb3 49. Rb1 Ba2 50. Rd1 Re6 51. Rhd8 Re5 52. R8d4 Re6 53. Rd8 Rf6 54. Ng4 Rg6 55. Ne3 h5 56. R8d4 Be6 57. Rf4+ Rf6 58. Rb4 Ra2 59. Nd5 Rf5 60. Ne3 Rfxa5 61. Rf4+ Kg6 62. Rxf3 Ra1 63. Rxa1 Rxa1+ 64. Kg2 a5 65. Rf4 Bb3 66. Nc4 a4 67. Nd2 Bd5+ 68. f3 a3 69. Ra4 a2 70. Ra6+ e6 71. Ne4 Rc1 0-1

[Event "41st Jacques-Lemans-Open 2022"]
[Site "St. Veit/Glan"]
[Date "2022.07.16"]
[Round "9.16"]
[White "Miazhynski, Yuri"]
[Black "Hechl, Fabian"]
[Result "1/2-1/2"]
[ECO "E92"]
[WhiteElo "2166"]
[BlackElo "1991"]
[Annotator "ChessBase"]
[PlyCount "22"]
[EventDate "2022.07.09"]
[EventType "swiss"]
[EventCountry "AUT"]
[SourceTitle "playchess.com"]
[Source "ChessBase"]
[SourceQuality "1"]
[TimeControl "40/5400+30:1800+30"]

1. d4 Nf6 2. c4 g6 3. Nc3 Bg7 4. e4 d6 5. Nf3 O-O 6. Be2 e5 7. d5 a5 8. h3 Nbd7 9. Be3 b6 10. Nd2 Nc5 11. f3 Nh5 1/2-1/2

[Event "41st Jacques-Lemans-Open 2022"]
[Site "St. Veit/Glan"]
[Date "2022.07.16"]
[Round "9.17"]
[White "Dotzer, Lukas"]
[Black "Holzleithner, Johannes"]
[Result "1-0"]
[ECO "C07"]
[WhiteElo "2269"]
[BlackElo "2022"]
[Annotator "ChessBase"]
[PlyCount "207"]
[EventDate "2022.07.09"]
[EventType "swiss"]
[EventCountry "AUT"]
[SourceTitle "playchess.com"]
[Source "ChessBase"]
[SourceQuality "1"]
[TimeControl "40/5400+30:1800+30"]

1. e4 e6 2. d4 d5 3. Nd2 c5 4. exd5 Qxd5 5. Ngf3 cxd4 6. Bc4 Qd6 7. O-O Nf6 8. Nb3 Nc6 9. Nbxd4 Nxd4 10. Nxd4 Be7 11. Nb5 Qc6 12. Qe2 O-O 13. Bf4 a6 14. Nd4 Qc5 15. Nb3 Qc6 16. a4 Bd6 17. Bxd6 Qxd6 18. Rad1 Qc7 19. g4 e5 20. g5 Bg4 21. f3 Bh3 22. gxf6 Rfc8 23. Bd3 Bxf1 24. Kxf1 gxf6 25. Qe4 Kf8 26. Qxh7 Ke7 27. Qe4 Qb6 28. f4 Rg8 29. Nc5 Rg4 30. a5 Qxb2 31. Re1 Rag8 32. Kf2 Rg2+ 33. Kf3 Rxh2 34. fxe5 Rh3+ 35. Kf2 Rh2+ 36. Kf1 f5 37. Qd5 Rd8 38. Qxb7+ Qxb7 39. Nxb7 Rd5 40. Re2 Rxe2 41. Bxe2 Kd7 42. Bxa6 Rxe5 43. Bd3 Kc7 44. a6 Rd5 45. Ke2 Kb6 46. Kd2 f4 47. c4 Re5 48. c5+ Kc7 49. Be2 Re3 50. Nd6 Kc6 51. a7 Ra3 52. Bf3+ Kxc5 53. Nc8 Ra2+ 54. Kd3 Ra3+ 55. Ke2 Ra2+ 56. Kf1 Ra1+ 57. Kg2 Ra2+ 58. Kh3 Kd4 59. a8=Q Rxa8 60. Bxa8 Ke3 61. Kg2 f6 62. Bf3 Kd2 63. Nd6 Ke3 64. Nf5+ Kd2 65. Kf2 Kd3 66. Ke1 Kc2 67. Ke2 Kc3 68. Be4 Kc4 69. Kd2 Kb4 70. Kd3 Kb3 71. Kd4 Kb2 72. Kc4 Kc1 73. Kc3 Kd1 74. Bf3+ Ke1 75. Kd3 Kf2 76. Be4 Ke1 77. Bf3 Kf2 78. Ke4 Ke1 79. Kxf4 Kd2 80. Ke4 Kc3 81. Be2 Kd2 82. Bd3 Kc3 83. Ke3 Kb4 84. Kd4 Kb3 85. Be2 Kb2 86. Kc4 Kc2 87. Bd3+ Kb2 88. Kb4 Ka1 89. Nd4 Kb2 90. Bf5 Ka1 91. Kc3 Ka2 92. Bc2 f5 93. Bxf5 Ka1 94. Nb3+ Ka2 95. Be4 Ka3 96. Bb1 Ka4 97. Nd4 Ka5 98. Be4 Kb6 99. Ne6 Kb5 100. Kb3 Ka5 101. Bc6 Kb6 102. Bd7 Ka5 103. Kc4 Kb6 104. Kb4 1-0

[Event "41st Jacques-Lemans-Open 2022"]
[Site "St. Veit/Glan"]
[Date "2022.07.16"]
[Round "9.19"]
[White "Higatsberger, Michael"]
[Black "Schwab, Lukas"]
[Result "1/2-1/2"]
[ECO "C44"]
[WhiteElo "2021"]
[BlackElo "2166"]
[Annotator "ChessBase"]
[PlyCount "141"]
[EventDate "2022.07.09"]
[EventType "swiss"]
[EventCountry "AUT"]
[SourceTitle "playchess.com"]
[Source "ChessBase"]
[SourceQuality "1"]
[TimeControl "40/5400+30:1800+30"]

1. e4 e5 2. Nf3 Nc6 3. d4 exd4 4. Nxd4 Bb4+ 5. c3 Bc5 6. Be3 Bb6 7. Nf5 g6 8. Bxb6 axb6 9. Ne3 Nf6 10. f3 O-O 11. c4 d5 12. cxd5 Nxe4 13. fxe4 Qh4+ 14. Kd2 Qxe4 15. Bd3 Qb4+ 16. Nc3 Ne5 17. Qb3 Qh4 18. Rae1 Re8 19. Rhf1 Bd7 20. Re2 Qd4 21. Ncd1 Qxd3+ 22. Qxd3 Nxd3 23. Kxd3 Bb5+ 24. Kd2 Rxa2 25. Rfe1 Bxe2 26. Rxe2 Kf8 27. Kc2 Ra4 28. Rf2 Rae4 29. Kd3 Kg7 30. Rc2 R4e7 31. g3 f5 32. Rf2 Re5 33. Rc2 R5e7 34. Rf2 c6 35. Rc2 Rd8 36. Nc3 Kf6 37. Rf2 Kg7 38. b4 b5 39. Ra2 Rde8 40. Ned1 Kf6 41. Kd4 Re5 42. Kc5 cxd5 43. Kd4 Rc8 44. Nb2 Rxc3 45. Kxc3 Re2 46. Ra5 d4+ 47. Kb3 Rxh2 48. Rxb5 Rg2 49. Rxb7 h5 50. b5 Rxg3+ 51. Kc4 h4 52. b6 Rc3+ 53. Kxd4 Rb3 54. Nd3 h3 55. Rh7 Rxb6 56. Rxh3 Ra6 57. Ke3 Ra4 58. Rh1 Ra3 59. Rb1 Kg5 60. Rg1+ Kf6 61. Rb1 Ra6 62. Rh1 Re6+ 63. Kf3 Re4 64. Nf4 Ra4 65. Nxg6 Kxg6 66. Rg1+ Kf6 67. Rg8 Re4 68. Rf8+ Kg6 69. Rg8+ Kf7 70. Ra8 Rb4 71. Ra6 1/2-1/2

[Event "41st Jacques-Lemans-Open 2022"]
[Site "St. Veit/Glan"]
[Date "2022.07.16"]
[Round "9.20"]
[White "Fuchs, Patrick"]
[Black "Sucher, Johannes"]
[Result "1-0"]
[ECO "B02"]
[WhiteElo "1990"]
[BlackElo "2164"]
[Annotator "ChessBase"]
[PlyCount "53"]
[EventDate "2022.07.09"]
[EventType "swiss"]
[EventCountry "AUT"]
[SourceTitle "playchess.com"]
[Source "ChessBase"]
[SourceQuality "1"]
[TimeControl "40/5400+30:1800+30"]

1. e4 Nf6 2. e5 Ng8 3. d4 d6 4. Nf3 Bf5 5. Nh4 e6 6. Nxf5 exf5 7. Qf3 Qc8 8. Bc4 c6 9. O-O d5 10. Bb3 Qe6 11. Nd2 Nd7 12. c4 Ne7 13. a4 Nb6 14. cxd5 Nbxd5 15. Nc4 Ng6 16. Ne3 Nh4 17. Qh5 Be7 18. g3 g6 19. Qd1 g5 20. gxh4 gxh4 21. Bxd5 cxd5 22. Qf3 f4 23. Qxf4 Rg8+ 24. Kh1 Bg5 25. Qf5 Qa6 26. Rg1 h6 27. f4 1-0

[Event "41st Jacques-Lemans-Open 2022"]
[Site "St. Veit/Glan"]
[Date "2022.07.16"]
[Round "9.21"]
[White "Ernst, Robert"]
[Black "Besner, Bernhard"]
[Result "1/2-1/2"]
[ECO "D32"]
[WhiteElo "2001"]
[BlackElo "2164"]
[Annotator "ChessBase"]
[PlyCount "34"]
[EventDate "2022.07.09"]
[EventType "swiss"]
[EventCountry "AUT"]
[SourceTitle "playchess.com"]
[Source "ChessBase"]
[SourceQuality "1"]
[TimeControl "40/5400+30:1800+30"]

1. d4 d5 2. c4 e6 3. Nc3 c5 4. cxd5 cxd4 5. Qa4+ Bd7 6. Qxd4 exd5 7. Qxd5 Nf6 8. Qd1 Bc5 9. Nf3 O-O 10. e3 Qe7 11. Bd3 Rd8 12. Qc2 Nc6 13. a3 Bg4 14. Ne4 Rxd3 15. Nxf6+ Qxf6 16. Qxd3 Rd8 17. Qe4 Ne5 1/2-1/2

[Event "41st Jacques-Lemans-Open 2022"]
[Site "St. Veit/Glan"]
[Date "2022.07.16"]
[Round "9.22"]
[White "Kienboeck, Benjamin"]
[Black "Hng, Mei-En Emmanuelle"]
[Result "1/2-1/2"]
[ECO "B07"]
[WhiteElo "2151"]
[BlackElo "1997"]
[Annotator "ChessBase"]
[PlyCount "92"]
[EventDate "2022.07.09"]
[EventType "swiss"]
[EventCountry "AUT"]
[SourceTitle "playchess.com"]
[Source "ChessBase"]
[SourceQuality "1"]
[TimeControl "40/5400+30:1800+30"]

1. e4 d6 2. d4 Nf6 3. Nc3 g6 4. Be3 Bg7 5. Qd2 a6 6. O-O-O b5 7. f3 b4 8. Nce2 a5 9. Kb1 Nbd7 10. h4 h5 11. Nh3 Nb6 12. Nef4 Bxh3 13. Nxh3 O-O 14. Bh6 c5 15. Bxg7 Kxg7 16. Qe1 cxd4 17. Rxd4 Qc7 18. Qd1 Qc5 19. g3 a4 20. Qd2 b3 21. cxb3 axb3 22. a3 Rfc8 23. Rb4 Ra4 24. Rxb3 Rd4 25. Bd3 Nc4 26. Qc2 Qa5 27. Rd1 Rc5 28. Bxc4 Rdxc4 29. Qd2 Qa4 30. Ka2 Nd7 31. Nf4 Ne5 32. Nd3 Rd4 33. Nxc5 dxc5 34. Qf4 Rxd1 35. Qxe5+ Kh7 36. Qxe7 Qc4 37. Qf6 Rd3 38. Qb6 Rxf3 39. Qb5 Qe6 40. a4 Rxg3 41. a5 g5 42. hxg5 h4 43. Qb6 Qc4 44. Qb5 Qe6 45. Qb6 Qc4 46. Qb5 Qe6 1/2-1/2

[Event "41st Jacques-Lemans-Open 2022"]
[Site "St. Veit/Glan"]
[Date "2022.07.16"]
[Round "9.23"]
[White "Bajorski, Marius"]
[Black "Hofstadler, Mario"]
[Result "1/2-1/2"]
[ECO "B13"]
[WhiteElo "1870"]
[BlackElo "2123"]
[Annotator "ChessBase"]
[PlyCount "30"]
[EventDate "2022.07.09"]
[EventType "swiss"]
[EventCountry "AUT"]
[SourceTitle "playchess.com"]
[Source "ChessBase"]
[SourceQuality "1"]
[TimeControl "40/5400+30:1800+30"]

1. e4 c6 2. d4 d5 3. exd5 cxd5 4. Bd3 Nc6 5. c3 Nf6 6. Bf4 Bg4 7. Qb3 e5 8. Qxb7 exf4 9. Bb5 Rb8 10. Bxc6+ Nd7 11. Bxd7+ Bxd7 12. Qxd5 Rxb2 13. Nd2 Be7 14. Ngf3 Qc7 15. O-O O-O 1/2-1/2

[Event "41st Jacques-Lemans-Open 2022"]
[Site "St. Veit/Glan"]
[Date "2022.07.16"]
[Round "9.24"]
[White "Zoernpfenning, Siegfried"]
[Black "Ebner, Johann"]
[Result "1-0"]
[ECO "A40"]
[WhiteElo "2114"]
[BlackElo "1907"]
[Annotator "ChessBase"]
[PlyCount "27"]
[EventDate "2022.07.09"]
[EventType "swiss"]
[EventCountry "AUT"]
[SourceTitle "playchess.com"]
[Source "ChessBase"]
[SourceQuality "1"]
[TimeControl "40/5400+30:1800+30"]

1. d4 e6 2. Bf4 Nf6 3. e3 c5 4. Nd2 b6 5. Nc4 Bb7 6. Nf3 d5 7. Nce5 Be7 8. Bb5+ Kf8 9. Ng5 a6 10. Bd3 c4 11. Be2 Rg8 12. Nexf7 Qd7 13. Ne5 Qc8 14. Bg4 1-0

[Event "41st Jacques-Lemans-Open 2022"]
[Site "St. Veit/Glan"]
[Date "2022.07.16"]
[Round "9.25"]
[White "Bethke, Robert"]
[Black "Miazhynski, Michael"]
[Result "1-0"]
[ECO "D94"]
[WhiteElo "2070"]
[BlackElo "1994"]
[Annotator "ChessBase"]
[PlyCount "65"]
[EventDate "2022.07.09"]
[EventType "swiss"]
[EventCountry "AUT"]
[SourceTitle "playchess.com"]
[Source "ChessBase"]
[SourceQuality "1"]
[TimeControl "40/5400+30:1800+30"]

1. Nf3 Nf6 2. c4 g6 3. Nc3 d5 4. d4 Bg7 5. e3 O-O 6. cxd5 Nxd5 7. Be2 Nc6 8. O-O Nb6 9. b3 e5 10. dxe5 Nxe5 11. Bb2 c6 12. Qc2 Qe7 13. Rfd1 Be6 14. Nd4 Rad8 15. a4 Qh4 16. Ba3 Rfe8 17. Nxe6 fxe6 18. Rxd8 Rxd8 19. Rd1 Rxd1+ 20. Nxd1 Nd5 21. Qc5 b6 22. Qd6 Kf7 23. Qb8 a5 24. Bd6 Qe4 25. Qb7+ Kg8 26. Qc8+ Kf7 27. f4 Nxf4 28. Qc7+ Kf6 29. Qe7+ Kf5 30. g4+ Nxg4 31. Bxg4+ Kxg4 32. Nf2+ Kf3 33. Nxe4 1-0